 Dungeon Crawl Stone Soup version 0.29-a0-1023-g6ae1a4a2c7 (webtiles) character file.

Game seed: 1820282065899973396

81 RBrandon the Magician (level 4, 0/27 HPs)
             Began as a Merfolk Hedge Wizard on Aug 12, 2022.
             Succumbed to an adder's poison
             ... on level 3 of the Dungeon.
             The game lasted 00:07:35 (3896 turns).

RBrandon the Magician (Merfolk Hedge Wizard)        Turns: 3896, Time: 00:07:35

Health: 0/27       AC:  2    Str: 10    XL:     4   Next: 42%
Magic:  1/8        EV: 12    Int: 13    God:
Gold:   187        SH:  5    Dex: 15    Spells: 0/9 levels left

rFire   . . .      SeeInvis .   a - +0 dagger
rCold   . . .      Faith    .   (no shield)
rNeg    . . .      Spirit   .   b - +0 robe
rPois   .          Reflect  +   c - +0 hat
rElec   .          Harm     .   (no cloak)
rCorr   .          Rampage  .   (no gloves)
Will    +....      Clarity  +   (no boots)
Stlth   ++........              r - amulet of reflection
HPRegen 0.09/turn               (no ring)
MPRegen 0.11/turn               (no ring)

@: lethally poisoned (0 -> -17), hasted, very quick
A: (nimble swimmer 2), mertail, clarity, frail 1, strong-willed 1
a: no special abilities


You were on level 3 of the Dungeon.
You visited 1 branch of the dungeon, and saw 3 of its levels.

You collected 187 gold pieces.

Inventory:

Hand Weapons
 a - a +0 dagger (weapon)
 k - a +0 short sword
Armour
 b - a +0 robe (worn)
 c - a +0 hat (worn)
 n - the +1 ring mail "Yblack" {rCorr}
   (You found it on level 2 of the Dungeon)

   rCorr:     It protects you from acid and corrosion.
Jewellery
 h - a ring of protection from cold
 r - an amulet of reflection (around neck)
Scrolls
 e - 6 scrolls of identify {unknown}
 f - 2 scrolls of blinking {unknown}
 g - a scroll of fog {unknown}
 i - a scroll of fear {unknown}
 j - a scroll of vulnerability {unknown}
 o - a scroll of poison {unknown}
 q - a scroll of torment {unknown}
 s - a scroll of silence {unknown}
Potions
 d - a potion of magic
 l - a potion of haste
 p - a potion of lignification {unknown}


   Skills:
 - Level 2.4 Short Blades
 - Level 2.6 Dodging
 - Level 2.1 Stealth
 - Level 3.0 Spellcasting
 - Level 0.7 Conjurations
 + Level 1.8 Hexes
 - Level 2.3 Summonings
 - Level 0.7 Translocations
 + Level 1.0 Ice Magic


You couldn't memorise any spells.
You knew the following spells:

 Your Spells              Type           Power      Damage    Failure   Level
a - Magic Dart            Conj           12%        1d3       17%         1
b - Slow                  Hex            24%        N/A       11%         1
c - Call Imp              Summ           8%         N/A       13%         2
d - Mephitic Cloud        Conj/Pois/Air  2%         N/A       54%         3
e - Ensorcelled Hibernat  Hex/Ice        10%        N/A       19%         2

Your spell library contained the following spells:

 Spells                   Type           Power      Damage    Failure   Level
 Shock                    Conj/Air       8%         1d3       21%         1
 Blink                    Tloc           6%         N/A       26%         2
 Searing Ray              Conj           6%         2d4       26%         2
 Sublimation of Blood     Necr           1%         N/A       34%         2
 Conjure Flame            Conj/Fire      2%         6-21      52%         3
 Spider Form              Tmut/Pois      1%         N/A       56%         3
 Swiftness                Air            1%         N/A       56%         3
 Fulminant Prism          Conj/Hex       2%         3d6       80%         4
 Anguish                  Hex/Necr       2%         N/A       83%         4
 Airstrike                Air            0%         2d(1-17)  92%         4
 Petrify                  Tmut/Erth      1%         N/A       92%         4
 Irradiate                Conj/Tmut      1%         3d12      99%         5


Dungeon Overview and Level Annotations

Branches:
Dungeon (3/15)

Altars:


Innate Abilities, Weirdness & Mutations

((You are very nimble when in or above water. (Stealth+, EV+, Speed+++)))
Your lower body shifts to a powerful aquatic tail in water.
You possess an exceptional clarity of mind.
You are frail. (-10% HP)
You are strong-willed. (Will+)


Message History

Okay, then.
Casting: Ensorcelled Hibernation (safe; 19% risk of failure)
Confirm with . or Enter, or press ? or * to list all spells.
Okay, then.
You aren't carrying any items that you can evoke.
Unknown command.
You miss the adder. You block the adder's attack.
You hit the adder but do no damage. The adder bites you.
You closely miss the adder. The adder closely misses you.
You barely miss the adder. The adder bites you.
You miss the adder. The adder bites you.
You are poisoned.
The adder poisons you! The adder bites you but does no damage.
You closely miss the adder.
You feel sick. You block the adder's attack.
You hit the adder.
The adder is lightly wounded.
You feel sick. The adder bites you but does no damage.
You miss the adder.
The adder is lightly wounded.
You feel sick. The adder bites you.
You are more poisoned.
The adder poisons you!
You completely miss the adder.
The adder is lightly wounded.
You feel sick. The adder bites you but does no damage.
You barely miss the adder. You punch the adder, but do no damage.
The adder is lightly wounded.
You feel sick. The adder bites you.
* * * LOW HITPOINT WARNING * * *
It was a potion of haste.
You feel yourself speed up.
You feel sick. The adder bites you.
* * * LOW HITPOINT WARNING * * *
You are lethally poisoned!
The adder poisons you! The adder bites you.
* * * LOW HITPOINT WARNING * * *
You are more poisoned.
The adder poisons you!
It was a potion of mutation.
You feel extremely strange.
You feel frail.
You feel strong-willed.
Your thoughts seem clearer.
You die...

....!. #. ....S
.## .... ..#
=.. ... ## ..
#.#..# #. #.#.#
#.##########..#
#.....S@.....##
############..#
#.#.# #.##.#
#.# .# #.# #
#.#.. #.#.#
#.#.#


You could see an adder.

Vanquished Creatures
  An orc (D:3)
  8 ball pythons
  7 bats
  7 endoplasms
  2 giant cockroaches
  2 hobgoblins
  4 jackals (D:1)
  3 kobolds
  2 quokkas
  3 frilled lizards
  3 rats
42 creatures vanquished.

Vanquished Creatures (collateral kills)
  2 adders
  A worm (D:2)
  A dart slug (D:3)
  An endoplasm (D:2)
  A goblin (D:3)
  2 hobgoblins
  2 kobolds
10 creatures vanquished.

Grand Total: 52 creatures vanquished

Notes
Turn   | Place    | Note
-------+----------+-------------------------------------------
     0 | D:1      | RBrandon the Merfolk Hedge Wizard began the quest for the
                  | Orb.
     0 | D:1      | Reached XP level 1. HP: 13/13 MP: 4/4
    39 | D:1      | Learned a level 1 spell: Slow
   163 | D:1      | Reached skill level 1 in Hexes
   163 | D:1      | You fall into a shaft and drop 1 floor!
   297 | D:1      | Reached XP level 2. HP: 18/19 MP: 0/6
   352 | D:1      | Learned a level 2 spell: Call Imp
  1034 | D:1      | Found a faded altar of an unknown god.
  1157 | D:1      | Reached XP level 3. HP: 16/24 MP: 4/7
  1681 | D:1      | Learned a level 3 spell: Mephitic Cloud
  2066 | D:2      | Identified the +1 ring mail "Yblack" {rCorr}
  2237 | D:2      | Reached skill level 1 in Short Blades
  2922 | D:2      | Reached XP level 4. HP: 30/30 MP: 8/8
  3207 | D:2      | Learned a level 2 spell: Ensorcelled Hibernation
  3711 | D:3      | Reached skill level 1 in Ice Magic
  3896 | D:3      | Gained mutation: You are frail. (-10% HP) [potion of
                  | mutation]
  3896 | D:3      | Gained mutation: You are strong-willed. (Will+) [potion of
                  | mutation]
  3896 | D:3      | Gained mutation: You possess an exceptional clarity of
                  | mind. [potion of mutation]
  3896 | D:3      | Succumbed to an adder's poison

Illustrated notes

Levels and vault maps discovered:
D:1:      dpeg_arrival_signposts, layout_basic, shapermc_ecumenical_altar_petra,
          chequers_serial_rivers_room_b
D:2:      layout_loops_ring
D:3:      layout_loops_ring, bloody_trog, gammafunk_ghost_grave,
          minmay_bisected, uniq_sigmund, uniq_terence, uniq_jessica

Skill      XL: |  1  2  3  4 |
---------------+-------------+-----
Hexes          | 1 |  1.8
Summonings     | 2 |  2.3
Short Blades   | 2 |  2.4
Ice Magic      | 1 |  1.0
Dodging        | |  2.6
Stealth        | |  2.1
Spellcasting   | |  3.0
Conjurations   | |  0.7
Translocations | |  0.7

Action                   |  1- 3 |  4- 6 || total
-------------------------+-------+-------++-------
Melee: Dagger            |    72 |    63 ||   135
       Punch             |     1 |     2 ||     3
 Cast: Magic Dart        |    56 |     3 ||    59
       Call Imp          |     5 |     5 ||    10
       Slow              |     1 |     1 ||     2
       Ensorcelled Hiber |       |     6 ||     6
  Use: Potion            |       |     4 ||     4
 Stab: Sleeping          |     5 |       ||     5
Armor: Robe              |    17 |    13 ||    30
       Ring mail         |     2 |       ||     2
Dodge: Dodged            |    55 |    52 ||   107
Block: Other             |       |     2 ||     2

Table legend: (Time is in decaauts)
 A = Elapsed time spent in this place.
 B = Non-inter-level travel time spent in this place.
 C = Inter-level travel time spent in this place.
 D = Time resting spent in this place.
 E = Time spent auto-exploring this place.
 F = Levels seen in this place.
 G = Mean time per level.
                   A        B        C        D        E       F      G
               +--------+--------+--------+--------+--------+-----+--------+
         Total |   3886 |   3771 |    115 |    882 |   2348 |   3 | 1295.3 |
       Dungeon |   3886 |   3771 |    115 |    882 |   2348 |   3 | 1295.3 |
               +--------+--------+--------+--------+--------+-----+--------+

Top non-repeatable levels by time:
     D:1: 1954 daAuts
     D:2: 1289 daAuts
     D:3: 642 daAuts

Table legend:
 A = Kills in this place as a percentage of kills in entire the game.
 B = Kills by you in this place as a percentage of kills by you in the entire game.
 C = Kills by friends in this place as a percentage of kills by friends in the entire game.
 D = Other kills in this place as a percentage of other kills in the entire game.
 E = Experience gained in this place as a percentage of experience gained in the entire game.
 F = Experience gained in this place divided by the number of levels of this place that you have seen.
                   A       B       C       D       E      F
               +-------+-------+-------+-------+-------+----------------------
         Total | 100.0 | 100.0 | 100.0 |   N/A | 100.0 |  39.0
       Dungeon | 100.0 | 100.0 | 100.0 |   N/A | 100.0 |  39.0
               +-------+-------+-------+-------+-------+----------------------
